 Dungeon Crawl Stone Soup version 0.22.1-2-g9c5b331 (webtiles) character file.

99185 Anon1729 the Severer (level 16, -9/155 HPs)
             Began as a Hill Orc Monk on Nov 15, 2018.
             Was a High Priest of Beogh.
             Killed from afar by a swamp dragon (13 damage)
             ... with a blast of poison
             ... on level 4 of the Swamp on Nov 16, 2018.
             The game lasted 02:18:45 (31520 turns).

Anon1729 the Severer (Hill Orc Monk)               Turns: 31520, Time: 02:18:47

Health: -9/155     AC: 13    Str: 27    XL:     16   Next: 24%
Magic:  25/25      EV: 13    Int: 10    God:    Beogh [*****.]
Gold:   1485       SH:  0    Dex: 24    Spells: 15/15 levels left

rFire    + . .     SeeInvis .   T - +10 trident "Wiocibof" {venom, *Corrode +Blink MR+ Dex+4}
rCold    + . .     Gourm    .   (no shield)
rNeg     . . .     Faith    .   M - +0 ring mail "Aweolon" {rCorr Str+6}
rPois    .         Spirit   .   E - +1 helmet
rElec    .         Reflect  .   p - scarf {rC+ rF+}
rCorr    +         Harm     .   (no gloves)
MR       ++...                  D - +1 pair of boots
Stlth    ++........             C - amulet of regeneration
HPRegen  0.75/turn              B - +3 ring of dexterity
MPRegen  0.19/turn              s - +4 ring of dexterity

@: lethally poisoned (-9 -> -15), about to teleport, hasted, very quick
A: walk on water
a: Smiting, Recall Orcish Followers, Give Item to Named Follower, Renounce
Religion, Evoke Blink


You were on level 4 of the Swamp.
You worshipped Beogh.
Beogh was extremely pleased with you.
You were not hungry.

You visited 4 branches of the dungeon, and saw 25 of its levels.

You collected 1485 gold pieces.

Inventory:

Hand Weapons
 o - a +1 war axe of freezing
 y - the +0 long sword "Urghirem" {flame, *Slow +Fly rElec MR+}
   (You found it on level 4 of the Lair of Beasts)

   It has been specially enchanted to burn those struck by it, causing extra
   injury to most foes and up to half again as much damage against particularly
   susceptible opponents.
   Big, fiery blades are also staple armaments of hydra-hunters.
   It insulates you from electricity.
   It affects your resistance to hostile enchantments.
   It lets you fly.
   It may slow you when you take damage.
 L - a +0 battleaxe of flaming
 T - the +10 trident "Wiocibof" (weapon) {venom, *Corrode +Blink MR+ Dex+4}
   (You found it on level 1 of the Lair of Beasts)

   It poisons the flesh of those it strikes.
   It affects your dexterity (+4).
   It affects your resistance to hostile enchantments.
   It lets you blink.
   It may corrode you when you take damage.
Armour
 p - a scarf of resistance (worn)
 v - the -2 buckler of Qireif Nypro {rPois rN++ SInv}
   (You found it on level 6 of the Lair of Beasts)

   It protects you from poison.
   It greatly protects you from negative energy.
   It lets you see invisible.
 D - a +1 pair of boots (worn)
 E - a +1 helmet (worn)
 M - the +0 ring mail "Aweolon" (worn) {rCorr Str+6}
   (You found it on level 6 of the Dungeon)

   It affects your strength (+6).
   It provides partial protection from all sources of acid and corrosion.
Jewellery
 s - a +4 ring of dexterity (right hand)
 B - a +3 ring of dexterity (left hand)
 C - an amulet of regeneration (around neck)
 Y - an uncursed ring of stealth
Wands
 b - a wand of iceblast (29)
 H - a wand of flame (74)
 K - a wand of acid (1)
 P - a wand of paralysis (15)
 U - a wand of disintegration (11)
Scrolls
 a - 4 scrolls of immolation
 d - a scroll of holy word
 e - 4 scrolls of amnesia
 f - 7 scrolls of enchant armour
 h - 5 scrolls of enchant weapon
 i - 12 scrolls of teleportation
 l - 9 scrolls of remove curse
 m - 4 scrolls of fog
 r - 3 scrolls of vulnerability
 G - a scroll of fear
 N - 2 scrolls of silence
 O - a scroll of magic mapping
 Q - 2 scrolls of brand weapon
Potions
 g - 2 potions of agility
 j - 3 potions of cancellation
 k - 3 potions of flight
 n - 6 potions of curing
 q - 8 potions of haste
 t - 4 potions of lignification
 u - a potion of mutation
 w - 3 potions of brilliance
 x - 2 potions of magic
 z - 3 potions of might
 A - 2 potions of invisibility
 W - a potion of resistance
Miscellaneous
 S - 2 phantom mirrors
Comestibles
 c - 34 rations


   Skills:
 * Level 17.0 Fighting
 * Level 18.3 Axes
 * Level 15.5 Armour
 - Level 2.4 Dodging
 - Level 1.5 Stealth
 + Level 12.0 Invocations
 + Level 9.4 Evocations


You had 15 spell levels left.
You didn't know any spells.
Your spell library contained the following spells:

 Spells                   Type           Power        Failure   Level  Hunger
 Beastly Appendage        Tmut           #.....       43%         1    ##.....
 Shock                    Conj/Air       #...         43%         1    ##.....
 Sticks to Snakes         Tmut           #.......     58%         2    ###....
 Swiftness                Chrm/Air       #.......     58%         2    ###....
 Recall                   Summ/Tloc      N/A          82%         3    ####...
 Spider Form              Tmut/Pois      #.........   82%         3    ####...
 Static Discharge         Conj/Air       #.......     82%         3    ####...
 Airstrike                Air            #.........   99%         4    #####..
 Animate Dead             Necr           N/A          99%         4    #####..
 Ice Form                 Ice/Tmut       #.......     99%         4    #####..
 Blade Hands              Tmut           #.........   100%        5    ######.
 Bolt of Magma            Conj/Fire/Erth #.........   100%        5    ######.
 Borgnjor's Vile Clutch   Necr/Erth      #.........   100%        5    ######.
 Iskenderun's Battlesphe  Conj/Chrm      #.......     100%        5    ######.
 Lightning Bolt           Conj/Air       #.........   100%        5    ######.
 Venom Bolt               Conj/Pois      #.........   100%        5    ######.
 Death Channel            Necr           #.........   100%        6    #######
 Iron Shot                Conj/Erth      #.........   100%        6    #######
 Simulacrum               Ice/Necr       #.........   100%        6    #######
 Orb of Destruction       Conj           #.........   100%        7    #######
 Spellforged Servitor     Conj/Summ      #.........   100%        7    #######


Dungeon Overview and Level Annotations

Branches:
Dungeon (14/15)            Temple (0/1) D:4            Lair (6/6) D:11
  Swamp (4/4) Lair:2        Snake (1/4) Lair:3        Slime (0/5) Lair:5
    Orc (0/2) D:12         Vaults (0/5) D:13

Altars:
Dithmenos
Fedhas
Gozag
Kikubaaqudgha
Nemelex Xobeh
Ru
Sif Muna
Wu Jian
Zin
The Shining One

Shops:
D:12 [   D:13 [   D:14 =

Annotations:
D:10 3 runed doors, Anon1729's ghost, novice HOMo
D:14 exclusions: door, orc priest and 1 more exclusion
Lair:2 3 runed doors, Gamout's ghost, journeyman GnWn; Ledejy's ghost, journeyman HuFi
Snake:1 1 runed door, danilin1's ghost, journeyman MiBe


Message History

* * * LOW HITPOINT WARNING * * *
You feel sick.
The briar patch crumbles away.
Bogbrand hits the swamp dragon from afar with a demon trident of draining!!
The swamp dragon dies!
Beogh accepts your kill.
The swamp drake closely misses Bogbrand.
You are engulfed in poison gas.
You are lethally poisoned!
* * * LOW HITPOINT WARNING * * *
x2 You feel sick.
Hawl is engulfed in freezing vapours.
Hawl splashes around in the water.
Unknown command.
You feel better.
You are engulfed in poison gas.
You are poisoned.
* * * LOW HITPOINT WARNING * * *
You feel sick.
The briar patch crumbles away. x2
The swamp dragon breathes poison at you.
The blast of poison engulfs you!
You are lethally poisoned!
You die...

.≈..≈.§.♣. ♣♣♣♣♣♣♣♣..≈
≈≈≈......♣ ♣≈....≈≈≈≈≈
≈≈≈≈≈≈≈≈.♣ ♣.≈≈≈.≈≈≈≈≈
≈≈≈≈≈≈≈D.♣♣ .≈≈≈≈≈..<≈
.≈≈≈≈≈n))≈♣ ♣≈≈≈...≈≈
...≈≈k≈n♣ ♣$≈≈≈.≈≈
♣♣.≈o≈oD♣♣♣♣♣ ♣.≈≈≈≈≈≈
♣[...♣≈§§§§♣ ♣≈o...≈≈
♣♣♣♣♣♣♣§@≈§♣♣♣♣♣♣♣≈...♣..
♣♣♣§§†...≈≈≈o†≈.≈..
♣♣§≈P..♣≈≈≈≈..≈§≈
♣.≈..≈≈....♣♣≈≈≈
♣≈.≈.♣§..♣♣♣♣.≈§
♣♣♣♣♣♣♣♣♣♣ ♣♣≈. ♣♣♣


You could see a swamp dragon, 2 bog bodies, a swamp drake, the friendly Bogbrand
the orc warlord and the friendly Hawl the orc warlord.

Vanquished Creatures
  A thorn hunter (Swamp:4)
  Louise (Snake:1)
  Azrael (Snake:1)
  Josephine (Lair:4)
  The ghost of buskinjo the Grappler, a journeyman TrHu of Okawaru (D:11)
  Harold (Lair:1)
  A ghost crab (Swamp:2)
  A naga warrior (Snake:1)
  7 hydras
  7 alligators
  3 two-headed ogres
  3 anacondas
  4 centaur warriors
  2 naga sharpshooters (Snake:1)
  An orc high priest (D:10)
  3 unseen horrors
  A deep troll (D:13)
  A shambling mangrove (Swamp:1)
  A wolf spider zombie (D:13)
  2 swamp dragons
  2 naga ritualists (Snake:1)
  An ugly thing (D:11)
  6 mana vipers
  2 manticores
  8 elephants
  A naga mage (Snake:1)
  6 black mambas
  A guardian serpent (Snake:1)
  A gargoyle (D:13)
  18 spiny frogs
  3 komodo dragons
  5 kobold demonologists (D:10)
  3 tyrant leeches
  5 slime creatures
  10 hornets
  6 bog bodies
  6 hippogriffs
  13 blink frogs
  Sigmund (D:4)
  3 wraiths
  2 shadows (Swamp:2)
  2 wyverns
  Eustachio (D:5)
  3 spriggans
  36 yaks
  2 neqoxecs (D:11)
  4 fire elementals (Snake:1)
  A human (D:9)
  A hungry ghost (D:7)
  3 basilisks
  19 vampire mosquitoes
  Edmund (D:5)
  4 nagas
  An insubstantial wisp (Swamp:2)
  5 water moccasins
  6 swamp worms
  Duvessa (D:4)
  8 porcupines
  4 swamp drakes
  2 orc warriors (D:6)
  A black bear (D:8)
  3 ice beasts
  4 sky beasts
  3 eyes of draining
  6 ogres
  4 wolves
  9 centaurs
  6 crocodiles
  16 bullfrogs
  2 big kobolds
  Dowan (D:4)
  A wyvern skeleton (D:10)
  8 killer bees
  2 howler monkeys (D:13)
  4 wights (D:9)
  An electric eel (D:13)
  2 crimson imps (D:8)
  A bullfrog zombie (D:7)
  A centaur zombie (D:5)
  A quasit (D:11)
  7 orc priests
  5 hounds
  8 jellies
  3 iguanas
  7 worker ants
  A killer bee zombie (D:8)
  3 worker ant zombies
  6 gnolls
  10 adders
  2 shadow imps
  2 oozes
  2 adder skeletons
  2 adder zombies
  4 worms
  A dart slug (D:4)
  7 leopard geckos
  21 orcs
  2 giant cockroaches
  6 goblins
  3 hobgoblins
  13 jackals
  4 quokkas
  11 bats
  4 frilled lizards
  20 kobolds
  A leopard gecko skeleton (D:5)
  2 quokka zombies
  2 rats (D:2)
  2 fungi (Lair:4)
  4 plants
491 creatures vanquished.

Vanquished Creatures (collateral kills)
  2 thorn hunters
  Gastronok (D:12)
  A naga warrior (Snake:1)
  8 hydras
  Erica (D:8)
  2 death yaks (Lair:4)
  5 alligators
  2 swamp dragons
  A spriggan druid (Swamp:4)
  An unseen horror (D:10)
  A shambling mangrove (Swamp:3)
  A lindwurm (D:13)
  A mana viper (Snake:1)
  An ugly thing (D:13)
  2 cyclopes
  6 elephants
  A gargoyle (D:11)
  18 spiny frogs
  5 komodo dragons
  3 trolls
  6 tyrant leeches
  3 hornets (Swamp:3)
  4 slime creatures
  2 bog bodies
  5 blink frogs
  3 hippogriffs
  2 wraiths
  A shadow (Swamp:1)
  A water elemental (D:13)
  A spriggan (Swamp:3)
  17 yaks
  A basilisk (D:12)
  3 hungry ghosts
  A swamp worm (Swamp:3)
  10 vampire mosquitoes
  A neqoxec (D:11)
  6 insubstantial wisps
  A naga (Snake:1)
  7 water moccasins
  A swamp drake (Swamp:4)
  A sky beast (D:13)
  An ogre (D:10)
  An ice beast (D:10)
  A phantom (D:14)
  7 centaurs
  6 crocodiles
  3 big kobolds
  8 bullfrogs
  5 killer bees
  An electric eel (D:13)
  A howler monkey (D:13)
  3 crimson imps
  3 quasits
  2 centaur zombies
  A hound (D:14)
  An orc wizard (D:13)
  A bullfrog skeleton (D:7)
  A worker ant (D:10)
  2 hound zombies
  2 gnolls (D:8)
  2 adders
  A shadow imp (D:11)
  2 leopard geckos
  5 orcs
  2 hobgoblins (D:6)
  A quokka (D:5)
  A goblin (D:6)
  11 kobolds
  A quokka zombie (D:7)
  A briar patch (Swamp:2)
  14 fungi
  17 plants
248 creatures vanquished.

Vanquished Creatures (others)
  3 orc knights (Swamp:4)
  An orc high priest (Swamp:4)
  An orc sorcerer (D:14)
  4 orc warriors
  5 orc wizards
  7 orc priests
  11 orcs
  A goblin (D:3)
  2 hobgoblins (D:3)
  A kobold (D:3)
  15 fungi
  35 plants
  6 withered plants (Lair:2)
92 creatures vanquished.

Grand Total: 831 creatures vanquished

Notes
Turn   | Place    | Note
-------+----------+-------------------------------------------
     0 | D:1      | Anon1729 the Hill Orc Monk began the quest for the Orb.
     0 | D:1      | Reached XP level 1. HP: 19/19 MP: 1/1
   137 | D:1      | Reached XP level 2. HP: 19/27 MP: 2/2
   193 | D:1      | Reached skill level 1 in Armour
   915 | D:2      | Found a faded altar of an unknown god.
   942 | D:2      | Reached XP level 3. HP: 23/33 MP: 3/3
  1715 | D:2      | Reached XP level 4. HP: 35/41 MP: 4/4
  1963 | D:3      | Noticed an ogre
  2019 | D:3      | Reached skill level 5 in Axes
  2034 | D:3      | Became a worshipper of Beogh the Brigand
  2034 | D:3      | Reached * piety under Beogh
  2034 | D:3      | Reached ** piety under Beogh
  2266 | D:3      | Found an opulent altar of Gozag.
  2308 | D:3      | Reached XP level 5. HP: 45/47 MP: 5/5
  2615 | D:4      | Found a staircase to the Ecumenical Temple.
  2626 | D:4      | Reached skill level 5 in Fighting
  3124 | D:4      | Noticed Dowan
  3124 | D:4      | Noticed Duvessa
  3129 | D:4      | Noticed an ogre
  3146 | D:4      | Killed an ogre
  3146 | D:4      | Reached skill level 6 in Axes
  3146 | D:4      | Reached XP level 6. HP: 23/56 MP: 6/6
  3159 | D:4      | Killed Duvessa
  3488 | D:4      | Noticed Sigmund
  3507 | D:4      | Killed Sigmund
  3507 | D:4      | Reached skill level 7 in Axes
  3507 | D:4      | Reached XP level 7. HP: 48/64 MP: 7/7
  3709 | D:4      | Killed Dowan
  4130 | D:5      | Entered Level 5 of the Dungeon
  4171 | D:5      | Found an ornate altar of the Wu Jian Council.
  4269 | D:5      | Reached skill level 5 in Armour
  4485 | D:5      | Noticed Eustachio
  4523 | D:5      | Killed Eustachio
  4523 | D:5      | Reached XP level 8. HP: 52/73 MP: 8/8
  4747 | D:5      | Found a glowing golden altar of the Shining One.
  4890 | D:5      | Reached skill level 8 in Axes
  5036 | D:5      | Reached *** piety under Beogh
  5053 | D:5      | Found a glowing golden altar of the Shining One.
  5053 | D:5      | Found a glowing silver altar of Zin.
  5055 | D:5      | Found a sparkling altar of Nemelex Xobeh.
  5059 | D:5      | Found a deep blue altar of Sif Muna.
  5059 | D:5      | Found an ancient bone altar of Kikubaaqudgha.
  5060 | D:5      | Found a shadowy altar of Dithmenos.
  5069 | D:5      | Found a sacrificial altar of Ru.
  5122 | D:5      | Noticed Edmund
  5155 | D:5      | Killed Edmund
  5820 | D:6      | Reached skill level 9 in Axes
  6511 | D:6      | Reached XP level 9. HP: 57/82 MP: 9/9
  7504 | D:7      | Reached **** piety under Beogh
  8191 | D:8      | Reached skill level 10 in Axes
  8831 | D:8      | Reached skill level 10 in Fighting
  8906 | D:8      | Noticed Erica
  8929 | D:8      | Killed Erica
  8929 | D:8      | Reached skill level 11 in Axes
  8929 | D:8      | Reached XP level 10. HP: 71/94 MP: 10/10
 10241 | D:10     | Entered Level 10 of the Dungeon
 10241 | D:10     | Noticed a two-headed ogre
 10252 | D:10     | Killed a two-headed ogre
 10252 | D:10     | Reached skill level 12 in Axes
 10252 | D:10     | Reached skill level 1 in Invocations
 10252 | D:10     | Reached skill level 1 in Evocations
 10340 | D:10     | Found a runed gate.
 10341 | D:10     | Found a runed gate.
 10342 | D:10     | Found a runed gate.
 10355 | D:10     | Gained Morguth as an ally
 10358 | D:10     | Noticed Anon1729's ghost (novice HOMo)
 10358 | D:10     | Noticed a deep troll earth mage
 10361 | D:10     | Noticed a six-headed hydra
 10407 | D:10     | Found a transporter.
 10412 | D:10     | Noticed a kobold demonologist
 10412 | D:10     | Noticed a kobold demonologist
 10413 | D:10     | Noticed an orc high priest
 10413 | D:10     | Noticed a kobold demonologist
 10414 | D:10     | Noticed a kobold demonologist
 10424 | D:10     | Noticed an orc high priest
 10442 | D:10     | Killed an unseen horror
 10459 | D:10     | Found a transporter.
 10523 | D:10     | Reached skill level 10 in Armour
 10558 | D:10     | Noticed a manticore
 10572 | D:10     | Killed a manticore
 10572 | D:10     | Reached XP level 11. HP: 45/102 MP: 13/13
 10719 | D:10     | Reached ***** piety under Beogh
 10846 | D:10     | Gained Oruk as an ally
 10960 | D:10     | Killed an unseen horror
 11340 | D:11     | Found a staircase to the Lair.
 11453 | D:11     | Found a transporter.
 11462 | D:11     | Noticed buskinjo's ghost (journeyman TrHu)
 11561 | D:11     | Noticed a brown ugly thing
 11571 | D:11     | Killed a brown ugly thing
 11649 | D:11     | Gained Hawl as an ally
 11740 | D:11     | Reached skill level 5 in Invocations
 12017 | D:11     | Found a transporter.
 12293 | D:12     | Noticed a cyclops
 12298 | D:12     | Killed a cyclops
 12324 | D:12     | Found Yrithu's Antique Armour Boutique.
 12513 | D:6      | Got a warped ring mail
 12524 | D:6      | Identified the cursed +0 ring mail "Aweolon" {rCorr Str+6}
                  | (You found it on level 6 of the Dungeon)
 12651 | D:4      | Got a faintly glowing broad axe
 12655 | D:4      | Identified the +0 broad axe of Pownoado {flame, -Tele rN+++
                  | Dex+4 SInv} (You found it on level 4 of the Dungeon)
 12855 | D:12     | Noticed Gastronok
 12867 | D:12     | Killed Gastronok
 12867 | D:12     | Reached skill level 13 in Axes
 13125 | D:12     | Noticed a manticore
 13135 | D:12     | Killed a manticore
 13386 | D:12     | Noticed an unseen horror
 13395 | D:12     | Killed an unseen horror
 13395 | D:12     | Reached XP level 12. HP: 98/113 MP: 16/16
 13479 | D:12     | Reached skill level 5 in Evocations
 13764 | D:12     | Found a staircase to the Orcish Mines.
 13834 | D:13     | Noticed a two-headed ogre
 13840 | D:13     | Killed a two-headed ogre
 14342 | D:13     | Noticed a two-headed ogre
 14346 | D:13     | Noticed a centaur warrior
 14348 | D:13     | Killed a two-headed ogre
 14353 | D:13     | Killed a centaur warrior
 14559 | D:13     | Reached skill level 14 in Axes
 14944 | D:13     | Found Weblaota's Armour Boutique.
 15134 | D:13     | Found a gate to the Vaults.
 15538 | Lair:1   | Entered Level 1 of the Lair of Beasts
 15548 | Lair:1   | Noticed a four-headed hydra
 15558 | Lair:1   | Killed a three-headed hydra
 15586 | Lair:1   | Got an encrusted trident
 15593 | Lair:1   | Identified the +10 trident "Wiocibof" {venom, *Corrode
                  | +Blink MR+ Dex+4} (You found it on level 1 of the Lair of
                  | Beasts)
 15693 | Lair:1   | Reached XP level 13. HP: 122/122 MP: 19/19
 15873 | Lair:1   | Noticed Harold
 15885 | Lair:1   | Killed Harold
 16717 | Lair:2   | Reached ****** piety under Beogh
 16717 | Lair:2   | Gained Gorbash as an ally
 16886 | Lair:2   | Reached skill level 15 in Axes
 17071 | Lair:2   | Found a staircase to the Swamp.
 17429 | Lair:2   | Found a runed gate.
 17429 | Lair:2   | Found a runed gate.
 17429 | Lair:2   | Found a runed gate.
 17429 | Lair:2   | Noticed Ledejy's ghost (journeyman HuFi)
 17430 | Lair:2   | Noticed Gamout's ghost (journeyman GnWn)
 18019 | Lair:3   | Found a staircase to the Snake Pit.
 18134 | Lair:3   | Found a blossoming altar of Fedhas.
 18331 | Lair:3   | Gained Bogbrand as an ally
 18674 | Lair:4   | Got an obsidian-encrusted ring mail
 18718 | Lair:4   | Identified the cursed +1 ring mail of Neocekh {rCorr Int+5}
                  | (You found it on level 4 of the Lair of Beasts)
 18937 | Lair:4   | Got a crude long sword
 18938 | Lair:4   | Identified the cursed +0 long sword "Urghirem" {flame,
                  | *Slow +Fly rElec MR+} (You found it on level 4 of the Lair
                  | of Beasts)
 18970 | Lair:4   | Noticed Josephine
 18973 | Lair:4   | Killed Josephine
 19411 | Lair:4   | HP: 6/125 [poisoned by a black mamba]
 19416 | Lair:4   | HP: 5/125 [poisoned by a black mamba]
 19421 | Lair:4   | HP: 4/125 [poisoned by a black mamba]
 19427 | Lair:4   | HP: 5/125 [poisoned by a black mamba]
 19946 | Lair:5   | Found a staircase to the Slime Pits.
 19961 | Lair:5   | Reached XP level 14. HP: 131/133 MP: 21/21
 20708 | Lair:5   | You fall through a shaft!
 20708 | Lair:6   | Entered Level 6 of the Lair of Beasts
 20718 | Lair:6   | Reached skill level 16 in Axes
 20972 | Lair:6   | Gained Boderik as an ally
 20975 | Lair:6   | Reached skill level 15 in Fighting
 21011 | Lair:6   | Reached skill level 10 in Invocations
 21036 | Lair:6   | Your ally Boderik died
 21237 | Lair:6   | Got a smoking buckler
 21243 | Lair:6   | Identified the cursed -2 buckler of Qireif Nypro {rPois
                  | rN++ SInv} (You found it on level 6 of the Lair of Beasts)
 22617 | Lair:4   | Got a polished hand crossbow
 22647 | Lair:4   | Identified the +6 hand crossbow "Goschatre" {velocity, MR+}
                  | (You found it on level 4 of the Lair of Beasts)
 22929 | D:14     | Your ally Morguth died
 23118 | D:14     | Found Cegudej's Jewellery Shoppe.
 23742 | D:14     | Found a runed door.
 23908 | D:14     | Noticed a caustic shrike
 23909 | D:14     | Noticed a storm dragon
 24202 | Snake:1  | Entered Level 1 of the Snake Pit
 24435 | Lair:3   | Your ally Oruk died
 24702 | Snake:1  | Noticed Louise
 24721 | Snake:1  | Killed Louise
 24878 | Snake:1  | Noticed Azrael
 24907 | Snake:1  | Killed Azrael
 24907 | Snake:1  | Reached XP level 15. HP: 55/143 MP: 23/23
 25036 | Snake:1  | Reached skill level 17 in Axes
 25145 | Snake:1  | Found a runed door.
 25146 | Snake:1  | Noticed danilin1's ghost (journeyman MiBe)
 25511 | Snake:1  | Found a sacrificial altar of Ru.
 26592 | D:10     | Gained Bogwik as an ally
 26781 | Swamp:1  | Entered Level 1 of the Swamp
 26858 | Swamp:1  | Paralysed by a hornet for 1 turns
 26866 | Swamp:1  | Gained Zartorak as an ally
 27175 | Swamp:1  | Your ally Zartorak died
 27808 | Swamp:1  | Gained Norbak as an ally
 28513 | D:11     | Killed buskinjo's ghost
 28961 | Swamp:2  | Noticed a thorn hunter
 28972 | Swamp:2  | Killed a thorn hunter
 28972 | Swamp:2  | Reached skill level 15 in Armour
 30102 | Swamp:3  | Reached skill level 18 in Axes
 30337 | Swamp:3  | Reached XP level 16. HP: 44/152 MP: 17/24
 30989 | Swamp:4  | Entered Level 4 of the Swamp
 31013 | Swamp:4  | Noticed a thorn hunter
 31025 | Swamp:4  | Killed a thorn hunter
 31489 | Swamp:4  | Noticed a thorn hunter
 31507 | Swamp:4  | Your ally Bogwik died
 31508 | Swamp:4  | Killed a thorn hunter
 31509 | Swamp:4  | Your ally Gorbash died
 31519 | Swamp:4  | HP: 4/155 [something (5)]
 31520 | Swamp:4  | Killed from afar by a swamp dragon

Skill      XL: |  1  2  3  4  5  6  7  8  9 10 11 12 13 14 15 16 |
---------------+-------------------------------------------------+-----
Armour         | 1 2 3 4 5 6 9 10 12 13 14 15 | 15.5
Fighting       | 4 5 6 7 8 10 11 12 13 14 15 16 17 | 17.0
Axes           | 5 6 7 9 11 12 13 14 15 16 18 | 18.3
Invocations    | 3 6 8 9 10 11 12 | 12.0
Evocations     | 2 4 6 7 8 9 |  9.4
Dodging        | |  2.4
Stealth        | |  1.5

Action                   |  1- 3 |  4- 6 |  7- 9 | 10-12 | 13-15 | 16-18 || total
-------------------------+-------+-------+-------+-------+-------+-------++-------
Melee: Hand axe          |   118 |   172 |   401 |   290 |       |       ||   981
       Broad axe         |       |       |       |   168 |       |       ||   168
       Trident           |       |       |       |     8 |   875 |    71 ||   954
       Scimitar          |       |       |       |     2 |       |       ||     2
       War axe           |       |       |       |       |   156 |       ||   156
       Battleaxe         |       |       |       |       |       |     4 ||     4
Invok: Smiting           |       |     1 |       |     2 |    20 |     3 ||    26
       Convert to Beogh  |       |     1 |       |       |       |       ||     1
       Recall Orcish Fol |       |       |     1 |     7 |    19 |       ||    27
       Stop Recall       |       |       |       |     1 |     1 |       ||     2
       Give Item to Name |       |       |       |       |     4 |       ||     4
Evoke: Wand              |       |       |       |     7 |    30 |     2 ||    39
       Phantom mirror    |       |       |       |       |     1 |       ||     1
  Use: Potion            |       |     2 |       |     1 |     3 |     4 ||    10
       Scroll            |       |     2 |     2 |    10 |    22 |     5 ||    41
 Stab: Sleeping          |     2 |       |     2 |     1 |    11 |     1 ||    17
       Distracted        |       |       |     1 |     8 |    11 |       ||    20
       Paralysed         |       |       |       |       |     7 |     1 ||     8
  Eat: Chunk             |     3 |     5 |    14 |    14 |    28 |     1 ||    65
       Ration            |       |       |     2 |     3 |     6 |     1 ||    12
Armor: Robe              |    32 |       |       |       |       |       ||    32
       Chain mail        |     7 |    78 |   117 |       |       |       ||   202
       Skin              |       |     5 |       |    12 |       |       ||    17
       Ring mail         |       |       |   103 |   174 |   382 |    20 ||   679
Dodge: Dodged            |   116 |    59 |   226 |   286 |   559 |    41 ||  1287
       Deflected         |       |       |       |       |     6 |       ||     6
Block: Buckler           |       |       |       |       |    44 |     4 ||    48
